 Dungeon Crawl Stone Soup version 0.24.0-125-gc4c63601f3 (webtiles) character file.

Game seed: 9772789479626496426, levelgen mode: deterministic

5798 Amplified the Thaumaturge (level 10, -2/80 HPs)
             Began as a Mummy Warper on Mar 6, 2020.
             Was an Initiate of Gozag.
             Slain by a fire crab (5 damage)
             ... on level 11 of the Dungeon.
             The game lasted 00:19:54 (13868 turns).

Amplified the Thaumaturge (Mummy Warper)           Turns: 13868, Time: 00:19:55

Health: -2/80      AC: 11    Str: 20    XL:     10   Next: 50%
Magic:  24/24      EV:  9    Int: 13    God:    Gozag
Gold:   282        SH: 16    Dex: 12    Spells: 21/29 levels left

rFire    + . .     SeeInvis .   f - +6 whip
rCold    + . .     Gourm    .   s - +7 shield of Creativity {rC+ rN+}
rNeg     + + +     Faith    .   m - +0 fire dragon scales
rPois    ∞         Spirit   .   r - +0 helmet
rElec    .         Reflect  .   (no cloak)
rCorr    +         Harm     .   u - +0 pair of gloves {Str+3}
MR       +....                  (no boots)
Stlth    +.........             (no amulet)
HPRegen  0.23/turn              p - ring of stealth
MPRegen  0.19/turn              v - ring of resist corrosion

@: very slightly contaminated
A: no food or potions, fire vulnerability, cold resistance 1, negative energy
resistance 3, torment resistance, unbreathing
a: Potion Petition, Call Merchant, Bribe Branch, Renounce Religion


You were on level 11 of the Dungeon.
You worshipped Gozag.
Gozag was aware of your devotion.
You were not hungry.

You visited 2 branches of the dungeon, and saw 12 of its levels.
You also visited: Ossuary.

You collected 1826 gold pieces.
You spent 1064 gold pieces at shops.
You paid 480 gold pieces to Gozag.

Inventory:

Hand Weapons
 a - a +0 spear
 f - a +6 whip (weapon)
 l - a +0 morningstar
Missiles
 e - 3 boomerangs of dispersal
 h - 26 boomerangs
 j - 37 poisoned darts
 n - 6 datura-tipped darts (quivered)
Armour
 m - +0 fire dragon scales (worn)
 r - a +0 helmet (worn)
 s - the +7 shield of Creativity (worn) {rC+ rN+}
   (You bought it in a shop on level 9 of the Dungeon)

   It protects you from cold.
   It protects you from negative energy.
 u - a +0 pair of gloves of strength (worn)
Jewellery
 i - an uncursed ring of poison resistance
 p - a ring of stealth (left hand)
 v - a ring of resist corrosion (right hand)
Wands
 b - a wand of digging (5)
Scrolls
 c - 5 scrolls of amnesia
 d - 2 scrolls of fog
 g - a scroll of remove curse
 k - 3 scrolls of magic mapping
 q - 4 scrolls of identify


   Skills:
 * Level 8.2 Fighting
 * Level 6.2 Maces & Flails
 - Level 2.3 Polearms
 - Level 0.7 Throwing
 - Level 4.1 Armour
 - Level 4.3 Dodging
 * Level 2.5 Shields
 * Level 10.0 Spellcasting
 - Level 2.4 Translocations


You had 21 spell levels left.
You knew the following spells:

 Your Spells              Type           Power        Failure   Level  Hunger
a - Blink                 Tloc           N/A          73%         2    N/A
b - Lesser Beckoning      Tloc           ##........   91%         3    N/A
c - Teleport Other        Tloc           ##......     91%         3    N/A

Your spell library contained the following spells:

 Spells                   Type           Power        Failure   Level  Hunger
 Shroud of Golubria       Chrm/Tloc      #.....       87%         2    N/A
 Freeze                   Ice            #...         88%         1    N/A
 Magic Dart               Conj           #...         88%         1    N/A
 Gell's Gravitas          Tloc           ##........   91%         3    N/A
 Call Imp                 Summ           #.......     96%         2    N/A
 Searing Ray              Conj           #.....       96%         2    N/A
 Slow                     Hex            #.......     96%         2    N/A
 Throw Frost              Conj/Ice       #.....       96%         2    N/A
 Conjure Flame            Conj/Fire      #.......     99%         3    N/A
 Dazzling Spray           Conj/Hex       #.....       99%         3    N/A
 Mephitic Cloud           Conj/Pois/Air  #.......     99%         3    N/A
 Ozocubu's Armour         Chrm/Ice       #.......     99%         3    N/A
 Force Lance              Conj/Tloc      #.......     100%        4    N/A
 Fulminant Prism          Conj/Hex       #.........   100%        4    N/A
 Iskenderun's Mystic Bla  Conj           #.......     100%        4    N/A
 Passage of Golubria      Tloc           N/A          100%        4    N/A
 Summon Ice Beast         Ice/Summ       #.......     100%        4    N/A
 Throw Icicle             Conj/Ice       #.......     100%        4    N/A

Dungeon Overview and Level Annotations

Branches:
Dungeon (11/15)            Temple (1/1) D:6            Lair (0/6) D:10
    Orc (0/2) D:9         Ossuary (visited)

Altars:
Ashenzari
Cheibriados
Dithmenos
Elyvilon
Fedhas
Gozag
Hepliaklqana
Kikubaaqudgha
Makhleb
Nemelex Xobeh
Okawaru
Qazlal
Ru
Sif Muna
Trog
Uskayaw
Vehumet
Wu Jian
Xom
Yredelemnul
Zin
The Shining One

Shops:
D:4 :   D:5 ?   D:9 [

Portals:
Trove: D:11 (give 16 scrolls of teleportation)

Annotations:
D:7 2 transporters, dragonscale333's ghost, novice HaBe
D:10 exclusion: oklob plant


Innate Abilities, Weirdness & Mutations

You do not eat or drink.
Your flesh is vulnerable to fire.
You are immune to poison.
Your flesh is cold resistant. (rC+)
You are immune to negative energy. (rN+++)
You are immune to unholy pain and torment.
You can survive without breathing.


Message History

The fire crab bites you but does no damage.
You block the fire crab's attack.
Unknown command.
Throwing (i - inventory. (/) - cycle)
n - 7 datura-tipped darts (quivered)
Press: ? - help, Shift-Dir - straight line, f/p - fire crab
Aim: a fire crab (moderately wounded, chance to frenzy on hit: 3%)
You throw a datura-tipped dart.
The datura-tipped dart hits the fire crab.
The fire crab resists.
The fire crab is moderately wounded.
The fire crab bites you.
* * * LOW HITPOINT WARNING * * *
You are engulfed in flames.
You resist.
* * * LOW HITPOINT WARNING * * *
The fire crab closely misses you. You block the fire crab's attack.
The fire crab claws you.
* * * LOW HITPOINT WARNING * * *
You are engulfed in flames.
You resist.
You die...
Your body crumbles into a pile of gold.

#######.# #.......#
#.####..# #..#######.
#..........
##.#######. # #.# ##.
.# #.# #.# .## #@#
#.# ... #t###.###.#
#C........###..
#.#####.#####......C.
#.......# #...###..
#.#####.# #...# #.##
#...# #..## #...#
##.#.###...# #


You could see a fire crab and a cyclops.

Vanquished Creatures
  Pikel (D:4)
  A cyclops (D:11)
  A wyvern (D:9)
  Grum (D:10)
  A water moccasin (D:9)
  An orc warrior (D:9)
  A swamp drake (D:4)
  A black bear (D:8)
  A necrophage (D:10)
  2 ice beasts (D:7)
  3 sky beasts (D:10)
  4 slaves (D:4)
  8 ogres
  3 wolves
  7 centaurs
  A big kobold (D:7)
  2 bullfrogs
  2 scorpions (D:7)
  A water moccasin zombie (Ossuary)
  11 killer bees
  2 howler monkeys
  2 crimson imps
  2 centaur zombies
  5 hounds
  A quasit (D:9)
  4 orc priests
  5 jellies
  An iguana (D:6)
  7 worker ants
  7 orc wizards
  A big kobold zombie (Ossuary)
  A hound skeleton (D:8)
  2 mummies (Ossuary)
  2 worker ant zombies
  15 adders
  3 shadow imps
  4 oozes
  6 adder zombies (Ossuary)
  An adder skeleton (D:5)
  2 worms
  2 dart slugs (D:2)
  10 leopard geckos
  39 orcs
  4 ball pythons
  3 giant cockroaches
  6 goblins
  8 hobgoblins
  15 jackals
  11 kobolds
  4 quokkas
  6 bats
  3 frilled lizards
  5 hobgoblin zombies (Ossuary)
  4 kobold zombies (Ossuary)
  A leopard gecko skeleton (D:8)
  9 orc zombies (Ossuary)
  8 rats
264 creatures vanquished.

Notes
Turn   | Place    | Note
-------+----------+-------------------------------------------
     0 | D:1      | Amplified the Mummy Warper began the quest for the Orb.
     0 | D:1      | Reached XP level 1. HP: 16/16 MP: 4/4
   300 | D:1      | Reached skill level 3 in Spellcasting
   300 | D:1      | Reached XP level 2. HP: 11/22 MP: 6/6
   560 | D:1      | Reached skill level 1 in Armour
   741 | D:1      | Learned a level 2 spell: Blink
   810 | D:1      | Reached XP level 3. HP: 20/28 MP: 7/7
  1370 | D:1      | Learned a level 3 spell: Lesser Beckoning
  1407 | D:2      | Learned a level 3 spell: Teleport Other
  1655 | D:2      | Reached XP level 4. HP: 24/34 MP: 9/9
  2756 | D:3      | Reached skill level 4 in Spellcasting
  3060 | D:3      | Found a sparkling altar of Nemelex Xobeh.
  3116 | D:3      | Reached XP level 5. HP: 34/41 MP: 11/11
  3471 | D:4      | Noticed a slave
  3471 | D:4      | Noticed a slave
  3471 | D:4      | Noticed a slave
  3472 | D:4      | Noticed Pikel
  3472 | D:4      | Noticed a slave
  3479 | D:4      | Found an iron altar of Okawaru.
  3528 | D:4      | Found Ojoesh's Book Emporium.
  3754 | D:4      | Reached skill level 1 in Maces & Flails
  3928 | D:4      | Reached XP level 6. HP: 46/47 MP: 12/12
  3967 | D:4      | Found a bloodstained altar of Trog.
  3969 | D:4      | Found a shimmering altar of Xom.
  3969 | D:4      | Found an ornate altar of the Wu Jian Council.
  3971 | D:4      | Found a stormy altar of Qazlal.
  3971 | D:4      | Found a glowing silver altar of Zin.
  3971 | D:4      | Found a glowing silver altar of Zin.
  4235 | D:4      | Noticed Ijyb
  4267 | D:5      | Entered Level 5 of the Dungeon
  4293 | D:5      | Reached skill level 5 in Spellcasting
  4365 | D:5      | Found a hazy altar of Hepliaklqana.
  4377 | D:5      | Found Baumotom's Magic Scroll Shoppe.
  4385 | D:5      | Bought a scroll of teleportation for 42 gold pieces
  4393 | D:5      | Found a sand-covered staircase.
  4397 | Ossuary  | Entered an ossuary
  4754 | Ossuary  | Reached XP level 7. HP: 48/54 MP: 14/14
  5154 | D:5      | Found an iron altar of Okawaru.
  5529 | D:6      | Found a staircase to the Ecumenical Temple.
  5534 | Temple   | Entered the Ecumenical Temple
  5755 | Temple   | Became a worshipper of Gozag Ym Sagoz the Greedy
  6524 | D:7      | Found a transporter.
  6529 | D:7      | Noticed a hippogriff
  6529 | D:7      | Noticed dragonscale333's ghost (novice HaBe)
  6529 | D:7      | Noticed a hippogriff
  6545 | D:7      | Noticed a moth of wrath
  6550 | D:7      | Found a transporter.
  6599 | D:7      | Found a shadowy altar of Dithmenos.
  6911 | D:5      | Bought a scroll of remove curse for 42 gold pieces
  6990 | D:7      | Reached skill level 6 in Spellcasting
  7148 | D:5      | Reached XP level 8. HP: 60/61 MP: 17/17
  7237 | D:5      | Reached skill level 5 in Fighting
  8003 | D:5      | Found a bloodstained altar of Trog.
  8242 | D:4      | Noticed Ijyb
  8242 | D:4      | Ijyb changed into Ijyb the hound
  8275 | D:4      | Killed Ijyb the hound
  8275 | D:4      | Reached skill level 7 in Spellcasting
  8406 | D:4      | Killed Pikel
  8572 | D:4      | Reached XP level 9. HP: 59/69 MP: 20/20
  9018 | D:7      | Reached skill level 8 in Spellcasting
  9937 | D:9      | Reached skill level 5 in Maces & Flails
 10098 | D:9      | Found a hazy altar of Hepliaklqana.
 10577 | D:9      | Found Vamyukle's Armour Boutique.
 10781 | D:9      | Found a staircase to the Orcish Mines.
 10906 | D:9      | Reached skill level 9 in Spellcasting
 11450 | D:9      | Bought the +7 shield of Creativity {rC+ rN+} for 980 gold
                  | pieces
 11461 | D:10     | Entered Level 10 of the Dungeon
 11488 | D:8      | Reached XP level 10. HP: 75/79 MP: 23/23
 11676 | D:8      | Reached skill level 1 in Shields
 12062 | D:10     | Found a staircase to the Lair.
 12062 | D:10     | Noticed an oklob plant
 12983 | D:10     | Noticed Grum
 13009 | D:10     | Killed Grum
 13706 | D:11     | Noticed a cyclops
 13719 | D:11     | Killed a cyclops
 13719 | D:11     | Reached skill level 10 in Spellcasting
 13731 | D:11     | Found a portal to a secret trove of treasure.
 13845 | D:11     | Noticed a cyclops
 13856 | D:11     | Noticed a fire crab
 13856 | D:11     | a raiju changed into a fire crab
 13868 | D:11     | HP: 3/80 [fire crab (3)]
 13868 | D:11     | Slain by a fire crab

Levels and vault maps discovered:
D:1:      minmay_arrival_four_houses, layout_loops_corners, minivault_14,
          hangedman_abyss_or_decor_lesser_grid, chequers_serial_rivers_large_a,
          kennysheep_small_spiral
D:2:      layout_loops_cross
D:3:      layout_basic, nemelex_xobeh_ov_fountains_minmay, first_ration
D:4:      layout_basic, doesnt_xom_only_xom, serial_shops,
          nicolae_shop_statue_plus, okawaru_metal_pillars_1_2, uniq_ijyb,
          uniq_pikel
D:5:      layout_basic, lemuel_crystal_altar,
          lightli_ossuary_entry_decrepit_ruins, basic_altar, serial_shops,
          shop_fountains, grunt_ministairs_3, corexii_corridor_pit,
          serial_bayou_pond_a, chequers_serial_rivers_small_a,
          lemuel_altar_in_water
D:6:      layout_loops_ring, minmay_temple_entry_arrows, solitary_fountain
D:7:      layout_basic, lemuel_round_altar, gammafunk_ghost_berserking_beasts,
          chequers_serial_rivers_micro_b
D:8:      layout_loops_ring, hangedman_pestilent_swarm
D:9:      layout_loops_cross, orc_david_3, basic_altar
D:10:     layout_loops_cross, dpeg_oklobed_lair, uniq_grum
D:11:     layout_loops_ring, enter_trove_6, st_stairs_9
Temple:   dpeg_five_rooms_temple

Skill      XL: |  1  2  3  4  5  6  7  8  9 10 |
---------------+-------------------------------+-----
Spellcasting   | 3 4 5 6 7 9 10 | 10.0
Armour         | 1 2 3 4 |  4.1
Polearms       | 2 |  2.3
Dodging        | 2 3 4 |  4.3
Fighting       | 3 4 6 7 8 |  8.2
Maces & Flails | 1 2 3 4 5 6 |  6.2
Shields        | 2 |  2.5
Throwing       | |  0.7
Translocations | |  2.4

Action                   |  1- 3 |  4- 6 |  7- 9 | 10-12 || total
-------------------------+-------+-------+-------+-------++-------
Melee: Spear             |   178 |   139 |       |       ||   317
       Whip              |       |   209 |   552 |   270 ||  1031
Throw: Boomerang         |       |     1 |    28 |       ||    29
       Dart              |       |     8 |     7 |     4 ||    19
       Throwing net      |       |     1 |     2 |       ||     3
Invok: Potion Petition   |       |       |       |     3 ||     3
Evoke: Wand              |       |       |    19 |     8 ||    27
  Use: Scroll            |     1 |    11 |     5 |     6 ||    23
 Stab: Confused          |       |       |     2 |       ||     2
       Distracted        |       |       |     2 |     2 ||     4
Armor: Leather armour    |     7 |       |       |       ||     7
       Scale mail        |    42 |   147 |    11 |       ||   200
       Plate armour      |       |       |    60 |       ||    60
       Fire dragon scale |       |       |   156 |   120 ||   276
Dodge: Dodged            |    58 |   189 |   252 |    72 ||   571
Block: Shield            |       |       |     3 |   215 ||   218
